 Dungeon Sprint DCSS version 0.31-a0-835-g2a3a5bc3be (webtiles) character file.

Game seed: 176100937098265888

32 Conn the Firebug (level 3, 0/22 HPs)
             Began as an Octopode Fire Elementalist on Sept 26, 2023.
             Was a Believer of Sif Muna.
             Succumbed to a kobold brigand's curare-tipped dart
             ... while paralysed by a floating eye
             ... in the Dungeon (Sprint VII: "The Pits").
             The game lasted 00:02:05 (300 turns).

Conn the Firebug (Octopode Fire Elementalist)        Turns: 300, Time: 00:02:05

Health: 0/22       AC:  1    Str:  7    XL:     3   Next: 25%
Magic:  3/7        EV:  2    Int: 19    God:    Sif Muna [**....]
Gold:   0          SH:  0    Dex: 12    Spells: 5/8 levels left

rFire   . . .        g - +2 falchion (elec)
rCold   . . .        (no shield)
rNeg    . . .        (helmet restricted)
rPois   .            (no amulet)
rElec   .            (no ring)
rCorr   .            (no ring)
SInv    .            (no ring)
Will    .....        (no ring)
Stlth   +++          (no ring)
HPRegen 0.23/turn    (no ring)
MPRegen 0.10/turn    (no ring)
                     (no ring)

%: no teleportation
@: paralysed, lethally poisoned (0 -> -15), slowed
A: almost no armour, amphibious, 8 rings, camouflage 1, gelatinous body 1,
(nimble swimmer 1), tentacles
a: Renounce Religion, Channel Magic


You were in the Dungeon.
You worshipped Sif Muna.
Sif Muna was pleased with you.
You visited 1 branch

Inventory:

Hand Weapons
 g - a +2 falchion of electrocution (weapon)
Scrolls
 f - a scroll of blinking
 i - 2 scrolls of vulnerability
 j - 5 scrolls of amnesia
 k - a scroll of summoning
Potions
 a - 5 potions of magic
 b - 5 potions of curing
 c - 6 potions of heal wounds
 d - a potion of haste
 e - 3 potions of berserk rage
 h - 2 potions of invisibility


   Skills:
 + Level 0.3 Fighting
 + Level 1.0 Long Blades
 + Level 2.9 Dodging
 + Level 3.8 Stealth
 * Level 3.3 Spellcasting
 * Level 2.0 Conjurations
 + Level 4.7 Fire Magic


You had 5 spell levels left.
You knew the following spells:

 Your Spells              Type           Power      Damage    Failure   Level
a - Foxfire               Conj/Fire      64%        2x1d7     3%          1
b - Scorch                Fire           42%        2d6       3%          2

Your spell library contained the following spells:

 Spells                   Type           Power      Damage    Failure   Level
 Inner Flame              Hex/Fire       12%        N/A       17%         3
 Volatile Blastmotes      Fire/Tloc      24%        2d12      17%         3
 Flame Wave               Conj/Fire      16%        2d7       34%         4


Dungeon Overview and Level Annotations

Branches:
Dungeon (1/1)

Altars:
Ashenzari
Cheibriados
Dithmenos
Elyvilon
Fedhas
Gozag
Hepliaklqana
Kikubaaqudgha
Makhleb
Nemelex Xobeh
Okawaru
Qazlal
Ru
Sif Muna
Trog
Uskayaw
Vehumet
Wu Jian
Xom
Yredelemnul
Zin
The Shining One
Jiyva
Lugonu


Innate Abilities, Weirdness & Mutations

You cannot wear most types of armour.
You are amphibious.
You can wear up to eight rings at the same time.
Your skin changes colour to match your surroundings (Stealth+).
Your rubbery body absorbs attacks. (AC +1, EV +1)
((You are camouflaged when in or above water. (Stealth+)))
You have tentacles for arms and can constrict up to eight enemies at once.


Message History

Casting: Foxfire (safe; 3% risk of failure)
Confirm with . or Enter, or press ? or * to list all spells.
You don't know that spell.
Your foxfire dissipates!
The foxfire hits the kobold brigand.
The kobold brigand is lightly wounded.
The kobold brigand shouts!
The kobold brigand throws a curare-tipped dart.
The curare-tipped dart hits you.
You are poisoned.
You have difficulty breathing.
You feel yourself slow down.
You hear a shout!
You hear a bark!
Casting: Foxfire (safe; 3% risk of failure)
Confirm with . or Enter, or press ? or * to list all spells.
You conjure some foxfire!
You feel very sick.
You hear a bark!
A floating eye comes into view.
You aren't carrying any items that you can evoke.
Unknown command.
Unknown command.
You feel better.
The foxfire hits the kobold brigand.
The kobold brigand is lightly wounded.
The kobold brigand throws a curare-tipped dart.
The curare-tipped dart hits you.
You are lethally poisoned!
You have difficulty breathing.
You feel as though you will be slow longer.
The floating eye's view fixates on you.
Casting: Foxfire (safe; 3% risk of failure)
Confirm with . or Enter, or press ? or * to list all spells.
You conjure some foxfire!
* * * LOW HITPOINT WARNING * * *
You feel extremely sick.
The floating eye gazes piercingly through you!
You suddenly lose the ability to move!
The foxfire hits the kobold brigand but does no damage.
The kobold brigand is lightly wounded.
Your magical contamination has completely faded away.
You die...

#...........'.....
#'#####'#####.....
#.#...#÷#..##.....
#.#...#.#))#####'#
#.#...'.#))##.....
#.##)####))##.....
#.#.....#[[##.....
#v#.....#'###...<.
#@#........##.....
#K#........##.....
#'###########.....
#.. ###### #G.§
#...# #..## #...
#...


You could see a kobold brigand (ally target) and a floating eye.

Vanquished Creatures
  A river rat (D)
  2 ufetubi (D)
  An adder zombie (D)
  An adder skeleton (D)
  A goblin (D)
  A ball python (D)
  A ball python zombie (D)
  A quokka skeleton (D)
9 creatures vanquished.

Vanquished Creatures (others)
  13 foxfires (D)
13 creatures vanquished.

Grand Total: 22 creatures vanquished

Notes
Turn   | Place    | Note
-------+----------+-------------------------------------------
     0 | D        | Conn the Octopode Fire Elementalist began the quest for the
                  | Orb.
     0 | D        | Reached XP level 1. HP: 11/11 MP: 3/3
    14 | D        | Reached skill level 4 in Fire Magic
    49 | D        | Found a bloodstained altar of Trog.
    49 | D        | Found a shimmering blue altar of Sif Muna.
    49 | D        | Found a viscous altar of Jiyva.
    49 | D        | Found a hazy altar of Hepliaklqana.
    49 | D        | Found an opulent altar of Gozag.
    50 | D        | Found a glowing golden altar of the Shining One.
    50 | D        | Found a glowing silver altar of Zin.
    50 | D        | Found a basalt altar of Yredelemnul.
    50 | D        | Found a shimmering altar of Xom.
    50 | D        | Found an ornate altar of the Wu Jian Council.
    50 | D        | Found a sacrificial altar of Ru.
    50 | D        | Found a stormy altar of Qazlal.
    50 | D        | Found an iron altar of Okawaru.
    50 | D        | Found a sparkling altar of Nemelex Xobeh.
    50 | D        | Found a burning altar of Makhleb.
    50 | D        | Found a blossoming altar of Fedhas.
    50 | D        | Found a white marble altar of Elyvilon.
    50 | D        | Found a shadowy altar of Dithmenos.
    50 | D        | Found a snail-covered altar of Cheibriados.
    51 | D        | Found a radiant altar of Vehumet.
    51 | D        | Found a corrupted altar of Lugonu.
    52 | D        | Found an ancient bone altar of Kikubaaqudgha.
    52 | D        | Found a hide-covered altar of Uskayaw.
    52 | D        | Found a broken altar of Ashenzari.
    53 | D        | Became a worshipper of Sif Muna the Loreminder
    73 | D        | Reached XP level 2. HP: 5/17 MP: 5/5
   129 | D        | Learned a level 2 spell: Scorch
   135 | D        | Reached * piety under Sif Muna
   179 | D        | Reached ** piety under Sif Muna
   189 | D        | Reached skill level 1 in Long Blades
   189 | D        | Reached XP level 3. HP: 22/22 MP: 1/7
   293 | D        | Noticed a kobold brigand
   297 | D        | Noticed a floating eye
   299 | D        | Paralysed by a floating eye for 2 turns
   300 | D        | Succumbed to a kobold brigand's curare-tipped dart

Illustrated notes

Levels and vault maps discovered:
D:        pitsprint [storerooms_1, entrance_room_1, metal_vault_5, armoury_1,
          mini_pit_1, grid_room_1, main_hall_1, silver_pit, the_coven_1,
          the_vestibule_1, steel_vault_5, golden_pit, hallway_of_sentries,
          crystal_vault_4, iron_vault_5, final_vault]

Skill      XL: |  1  2 |
---------------+-------+-----
Stealth        | 3 |  3.8
Fire Magic     | 4 |  4.7
Spellcasting   | 3 |  3.3
Long Blades    | 1 |  1.0
Conjurations   | 2 |  2.0
Fighting       | |  0.3
Dodging        | |  2.9

Action                     || total
---------------------------++-------
  Melee: Falchion          ||    11
         Constrict         ||     3
         Tentacles         ||     2
         Unarmed           ||     1
   Cast: Foxfire           ||     9
         Scorch            ||     2
    Use: Potion            ||     1
   Stab: Sleeping          ||     1
 Armour: Skin              ||     4
  Dodge: Dodged            ||     6

Table legend: (Time is in decaauts)
 A = Elapsed time spent in this place.
 B = Non-inter-level travel time spent in this place.
 C = Inter-level travel time spent in this place.
 D = Time resting spent in this place.
 E = Time spent auto-exploring this place.
 F = Levels seen in this place.
 G = Mean time per level.
                   A        B        C        D        E       F      G
               +--------+--------+--------+--------+--------+-----+--------+
         Total |    304 |    304 |      0 |    148 |      0 |   1 |  304.0 |
       Dungeon |    304 |    304 |      0 |    148 |      0 |   1 |  304.0 |
               +--------+--------+--------+--------+--------+-----+--------+

Top non-repeatable levels by time:
       D: 304 daAuts
